 Dungeon Crawl Stone Soup version 0.30-a0-924-g0ad0bf95bc (webtiles) character file.

Game seed: 1279069037545963312

410 jasper the Ruffian (level 6, -6/47 HPs)
             Began as a Demonspawn Wanderer on Mar 22, 2023.
             Mangled by Edmund
             ... wielding a +5 dire flail of holy wrath
              (7 damage)
             ... on level 4 of the Dungeon.
             The game lasted 00:06:42 (3777 turns).

jasper the Ruffian (Demonspawn Wanderer)            Turns: 3777, Time: 00:06:42

Health: -6/47      AC:  4    Str: 13    XL:     6   Next: 58%
Magic:  9/9        EV: 12    Int: 21    God:
Gold:   882        SH:  0    Dex: 10    Spells: 6/9 levels left

rFire   . . .      SeeInvis .      - Unarmed
rCold   . . .      Faith    .    (no shield)
rNeg    . . .      Spirit   .    m - +0 leather armour
rPois   .          Reflect  .    (helmet restricted)
rElec   .          Rampage  .    (no cloak)
rCorr   .          Rnd*Tele +    o - +0 pair of gloves
Will    .....                    (no boots)
Stlth   +                        x - amulet of regeneration
HPRegen 1.07/turn                (no ring)
MPRegen 0.11/turn                (no ring)

@: about to teleport
A: horns 1, powered by pain 1, big brain 2, teleportitis 1
a: no special abilities


You were on level 4 of the Dungeon.
You visited 1 branch of the dungeon, and saw 5 of its levels.
You also visited: Sewer.

You collected 948 gold pieces.
You spent 66 gold pieces at shops.

Inventory:

Hand Weapons
 a - a +3 dagger
 f - a +2 whip of draining
Missiles
 c - 3 poisoned darts (quivered)
 j - a curare-tipped dart
 n - a throwing net
 z - 38 stones
Armour
 e - a +0 robe
 m - a +0 leather armour (worn)
 o - a +0 pair of gloves (worn)
 p - a +0 helmet
Jewellery
 b - an amulet of guardian spirit
 x - an amulet of regeneration (around neck)
Scrolls
 d - 2 scrolls of fog
 g - 3 scrolls of blinking
 h - 5 scrolls of teleportation
 s - 3 scrolls of magic mapping
 t - a scroll of vulnerability
 y - a scroll of enchant weapon
Potions
 i - a potion of brilliance
 k - 3 potions of flight
 l - 2 potions of attraction
 q - a potion of invisibility {unknown}
 u - 2 potions of might {unknown}
 v - 3 potions of haste {unknown}


   Skills:
 + Level 3.1 Fighting
 - Level 1.7 Throwing
 + Level 4.1 Dodging
 * Level 4.2 Unarmed Combat
 - Level 2.0 Spellcasting
 - Level 2.6 Transmutations


You had 6 spell levels left.
You knew the following spells:

 Your Spells              Type           Power      Damage    Failure   Level
a - Beastly Appendage     Tmut           26%        N/A       6%          1
b - Wereblood             Tmut           13%        N/A       10%         2

Your spell library contained the following spells:

 Spells                   Type           Power      Damage    Failure   Level
 Ensorcelled Hibernation  Hex/Ice        4%         N/A       28%         2
 Sublimation of Blood     Necr           2%         N/A       28%         2
 Spider Form              Tmut/Pois      7%         N/A       32%         3
 Ignite Poison            Fire/Tmut/Pois 5%         N/A       36%         3
 Anguish                  Hex/Necr       1%         N/A       88%         4
 Summon Hydra             Summ           1%         N/A       100%        7


Dungeon Overview and Level Annotations

Branches:
Dungeon (5/15)              Sewer (visited)
 Temple: D:4-7

Altars:
Sif Muna
Vehumet

Shops:
D:1 ?

Annotations:
D:3 Terence
D:4 2 transporters, Edmund


Innate Abilities, Weirdness & Mutations

You have a pair of small horns on your head.
You sometimes gain a little power by taking damage.
You have an extremely huge brain. (Int +4)
You are occasionally teleported next to monsters.


Message History

The adder is heavily wounded.
You feel sick. The adder bites you but does no damage.
You closely miss the adder.
The adder is heavily wounded.
You feel sick. The adder barely misses you.
You take 1 damage, and have 44/47 hp.
You hit the adder.
The adder is severely wounded.
You feel sick. The adder bites you but does no damage.
You closely miss the adder. Your headbutt misses the adder.
The adder is severely wounded.
You feel sick. The adder misses you.
You hit the adder.
You kill the adder!
You feel sick.
You are no longer poisoned.
Health restored: 47
Found Great Wizards, Vol.
VII.
There is an escape hatch in the ceiling here.
There is a stone staircase leading down here.
You climb downwards.
The hound barks!
The gnoll shouts!
The yak bellows! x2
Found 14 gold pieces and a crooked runed staff.
There is a stone staircase leading up here.
You climb upwards.
Level annotation: 2 transporters, Edmund Edmund hits you with a +5 dire flail of holy wrath!
You convulse!
There is a stone staircase leading down here.
You take 15 damage, and have 32/47 hp.
MASSIVE DAMAGE!!
As you read the scroll of teleportation, it crumbles to dust.
You feel strangely unstable.
Edmund asks, "Have you met my wondrous brother?"
Edmund hits you with a +5 dire flail of holy wrath!
You convulse!!
* * * LOW HITPOINT WARNING * * *
You take 31 damage, and have 1/47 hp.
MASSIVE DAMAGE!!
Edmund attacks as you move away!
Edmund hits you with a +5 dire flail of holy wrath!
You die...

#...#.# #.# ###.#.# #.#
#.#.# #.# #.#.# #.#
##.#.#### #.# #.......#
#.##### #####.......#
#......
..........@.#########.###..
........<@...........# ##.
###........########### ##
######.......#
#............#
#.##########.... # #.### ##
.# #.####. :# #....<.
#.########## ######.


You could see Edmund.

Vanquished Creatures
  A black bear (D:4)
  A phantom (D:4)
  A kobold brigand (Sewer)
  5 adders
  7 river rats (Sewer)
  2 worms (D:4)
  2 dart slugs
  An orc (D:4)
  7 bats
  5 endoplasms
  2 giant cockroaches
  4 hobgoblins (D:2)
  3 jackals
  4 quokkas
  2 ball pythons
  3 frilled lizards
  12 kobolds
  3 rats
65 creatures vanquished.

Vanquished Creatures (others)
  8 plants (Sewer)
8 creatures vanquished.

Grand Total: 73 creatures vanquished

Notes
Turn   | Place    | Note
-------+----------+-------------------------------------------
     0 | D:1      | jasper the Demonspawn Wanderer began the quest for the Orb.
     0 | D:1      | jasper set off with the following items: a +2 dagger, 4
                  | curare-tipped darts, a +0 helmet, a scroll of fog, a +0
                  | robe; and the following spell memorised: Beastly Appendage;
                  | and the following spells available to memorise: Ignite
                  | Poison.
     0 | D:1      | Reached XP level 1. HP: 13/13 MP: 3/3
   219 | D:1      | Found Mumuo's Magic Scroll Shop.
   227 | D:1      | Bought a scroll of teleportation for 33 gold pieces
   227 | D:1      | Bought a scroll of teleportation for 33 gold pieces
   628 | D:1      | Found a faded altar of an unknown god.
  1106 | D:2      | Reached skill level 1 in Unarmed Combat
  1106 | D:2      | Gained mutation: You have an unusually large brain. (Int
                  | +2) [demonic ancestry]
  1106 | D:2      | Reached XP level 2. HP: 20/20 MP: 5/5
  1329 | D:2      | Reached skill level 1 in Fighting
  1555 | D:2      | Reached XP level 3. HP: 25/26 MP: 6/6
  2240 | D:3      | Found a radiant altar of Vehumet.
  2270 | D:3      | Found a shimmering blue altar of Sif Muna.
  2537 | D:3      | Noticed Terence
  2609 | D:4      | Found a glowing drain.
  2653 | Sewer    | Entered a sewer
  2671 | Sewer    | Gained mutation: You have an extremely huge brain. (Int +4)
                  | [demonic ancestry]
  2671 | Sewer    | Reached XP level 4. HP: 21/32 MP: 7/7
  2711 | Sewer    | Gained mutation: You are occasionally teleported next to
                  | monsters. [potion of mutation]
  2771 | Sewer    | Noticed a kobold brigand
  2806 | Sewer    | Killed a kobold brigand
  2807 | Sewer    | Gained mutation: You have a pair of small horns on your
                  | head. [demonic ancestry]
  2807 | Sewer    | Reached XP level 5. HP: 27/38 MP: 8/8
  3446 | Sewer    | Identified a scroll of acquirement
  3446 | Sewer    | Acquired 811 gold pieces
  3541 | D:4      | Learned a level 2 spell: Wereblood
  3627 | D:4      | Noticed a phantom
  3646 | D:4      | Noticed Edmund
  3660 | D:4      | Killed a phantom
  3661 | D:4      | Gained mutation: You sometimes gain a little power by
                  | taking damage. [demonic ancestry]
  3661 | D:4      | Reached XP level 6. HP: 17/46 MP: 9/9
  3683 | D:4      | Found a transporter.
  3739 | D:4      | Found a transporter.
  3773 | D:5      | Entered Level 5 of the Dungeon
  3773 | D:5      | Noticed a yak
  3773 | D:5      | Noticed a yak
  3773 | D:5      | Noticed a yak
  3774 | D:5      | Noticed a yak
  3776 | D:4      | HP: 1/47 [Edmund/+5 dire flail of holy wrath (18)]
  3777 | D:4      | Mangled by Edmund

Illustrated notes

Levels and vault maps discovered:
D:1:      ncdulo_lavacross, layout_basic, serial_shops, shop_statue,
          shapermc_ecumenical_altar_totnotflames, hex_tiny
D:2:      layout_basic, minmay_misc_feat_chi
D:3:      layout_basic, mainiacjoe_overflow_24_doors,
          nicolae_vehumet_altar_sigil, minmay_misc_feat_plants,
          kennysheep_cross_room, uniq_terence
D:4:      gammafunk_steamed_eel, layout_loops_ring, portal_sewer_entry_f,
          uniq_edmund
D:5:      layout_cave_pools, minmay_temple_entry_fiery

Skill      XL: |  1  2  3  4  5  6 |
---------------+-------------------+-----
Unarmed Combat | 1 2 3 4 |  4.2
Fighting       | 1 2 3 |  3.1
Dodging        | 3 4 |  4.1
Throwing       | |  1.7
Spellcasting   | |  2.0
Transmutations | |  2.6

Action                     |  1- 3 |  4- 6 || total
---------------------------+-------+-------++-------
  Melee: Dagger            |   141 |    72 ||   213
         Kick              |       |     3 ||     3
         Headbutt          |       |    20 ||    20
         Unarmed           |       |   137 ||   137
         Punch             |       |     1 ||     1
  Throw: Dart              |     4 |     4 ||     8
         Throwing net      |       |     1 ||     1
   Cast: Beastly Appendage |       |     2 ||     2
    Use: Scroll            |    10 |     3 ||    13
         Potion            |       |     3 ||     3
 Armour: Leather armour    |    39 |    51 ||    90
         Robe              |     1 |       ||     1
  Dodge: Dodged            |    91 |   141 ||   232

Table legend: (Time is in decaauts)
 A = Elapsed time spent in this place.
 B = Non-inter-level travel time spent in this place.
 C = Inter-level travel time spent in this place.
 D = Time resting spent in this place.
 E = Time spent auto-exploring this place.
 F = Levels seen in this place.
 G = Mean time per level.
                   A        B        C        D        E       F      G
               +--------+--------+--------+--------+--------+-----+--------+
         Total |   3903 |   3716 |    187 |    123 |   2696 |   6 |  650.5 |
       Dungeon |   2938 |   2751 |    187 |    103 |   2065 |   5 |  587.6 |
         Sewer |    964 |    964 |      0 |     20 |    631 |   1 |  964.0 |
               +--------+--------+--------+--------+--------+-----+--------+

Top non-repeatable levels by time:
     D:2: 1172 daAuts
     D:1: 1088 daAuts
   Sewer: 964 daAuts
     D:4: 354 daAuts
     D:3: 321 daAuts
     D:5: 1 daAuts
